Map: Романтицид РВ

Players

Tiger

  • Race: Protoss Protoss
  • League: Diamond
  • Spawn Location: 11:00

Kantara - Winner!

  • Race: Protoss Protoss
  • League: Diamond
  • Spawn Location: 5:00

VOD

Have the link to the VOD?

Description

Time

  • Played on: Oct. 31, 2020, 8:05 p.m.
  • Length: 7:16
Show
View Real Time Build Order
Export as new Build Order

Tiger Protoss 

Build Orders:  

Get SALT Encoding   

  12  0:01  Probe (Chrono Boost)  
  13  0:10  Probe (Chrono Boost)  
  14  0:21  Pylon  
  14  0:24  Probe  
  15  0:34  Assimilator  
  15  0:36  Assimilator  
  15  0:39  Probe  
  16  0:51  Probe  
  17  1:04  Probe (Chrono Boost)  
  18  1:05  Forge  
  18  1:15  Probe (Chrono Boost)  
  19  1:20  Probe (Chrono Boost)  
  20  1:30  Probe  
  21  1:35  Gateway  
  21  1:42  Probe  
  22  1:54  Probe  
  22  1:58  Photon Cannon  
  23  2:03  Pylon  
  23  2:24  Cybernetics Core  
  23  2:32  Photon Cannon  
  23  3:08  Pylon  
  23  3:13  Pylon, Shield Battery  
  23  3:27  Protoss Air Armor Level 1 (Chrono Boost)  
  23  3:28  Stalker  
  23  3:32  Cybernetics Core  
  25  3:43  Photon Cannon  
  25  3:50  Pylon  
  25  4:13  Stargate  
  25  4:14  Stargate  
  25  4:16  Photon Cannon  
  25  4:18  Shield Battery  
  25  4:41  Photon Cannon  
  25  4:47  Photon Cannon  
  25  4:51  Void Ray  
  25  4:52  Void Ray  
  33  5:02  Pylon  
  33  5:13  Fleet Beacon  
  33  5:28  Void Ray  
  27  6:24  Void Ray  
Show
View Real Time Build Order
Export as new Build Order

Kantara Protoss - Winner!

Build Orders: Blink Stalkers 

Get SALT Encoding   

  12  0:00  Probe  
  13  0:13  Probe  
  14  0:18  Pylon  
  14  0:25  Probe (Chrono Boost)  
  15  0:37  Probe (Chrono Boost)  
  15  0:40  Gateway  
  16  0:44  Probe (Chrono Boost)  
  16  0:46  Assimilator  
  17  0:55  Probe  
  18  1:01  Assimilator  
  18  1:08  Probe  
  19  1:13  Gateway  
  19  1:29  Cybernetics Core  
  19  1:43  Pylon  
  18  2:00  Pylon  
  18  2:10  Stalker x2  
  18  2:12  Warp Gate  
  22  2:19  Pylon  
  22  2:26  Twilight Council  
  22  2:41  Stalker  
  24  3:08  Stalker  
  24  3:11  Stalker  
  28  3:14  Gateway  
  28  3:26  Blink (Chrono Boost)  
  28  3:49  Gateway  
  28  3:53  Probe (Chrono Boost)  
  30  4:03  Probe (Chrono Boost)  
  30  4:14  Pylon  
  30  4:15  Probe  
  31  4:21  Stalker  
  33  4:28  Sentry  
  35  4:35  Probe  
  36  4:50  Stalker x2  
  36  4:52  Probe  
  41  5:04  Stalker  
  41  5:06  Stalker  
  45  5:14  Pylon  
  43  6:04  Stalker x4  
  45  6:38  Stalker  
  45  6:39  Stalker  
  47  6:40  Stalker x2  
Tags
 
Add a new tag
Caveats
  • Supply blocks, unpowered buildings, or Contaminate may cause inaccurate times.
  • Supply counts are checked every 10 seconds.